 Dungeon Crawl Stone Soup version 0.24-b1-48-gd9db55c (webtiles) character file.

Game seed: 17942995910189809406, levelgen mode: deterministic

184 BlakeNormalHuman the Shield-Bearer (level 5, 0/46 HPs)
             Began as a Minotaur Fighter on Oct 25, 2019.
             Was a Follower of Zin.
             Succumbed to Twasazerg's ghost's poison
             ... on level 3 of the Dungeon.
             The game lasted 00:24:02 (2122 turns).

BlakeNormalHuman the Shield-Bearer (MiFi)           Turns: 2122, Time: 00:24:02

Health: 0/46       AC:  8    Str: 21    XL:     5   Next: 36%
Magic:  4/4        EV:  8    Int:  5    God:    Zin [*.....]
Gold:   152        SH: 10    Dex: 10    Spells: 4/4 levels left

rFire    . . .     SeeInvis .   a - +0 trident
rCold    . . .     Gourm    .   c - +0 shield
rNeg     . . .     Faith    .   b - +0 scale mail
rPois    .         Spirit   .   (helmet restricted)
rElec    .         Reflect  .   (no cloak)
rCorr    .         Harm     .   (no gloves)
MR       .....                  h - +0 pair of boots
Stlth    ..........             (no amulet)
HPRegen  0.15/turn              (no ring)
MPRegen  0.09/turn              (no ring)

@: lethally poisoned (0 -> -47), berserk cooldown, slowed, very slow
A: retaliatory headbutt, horns 2
a: Recite, Donate Gold, Renounce Religion


You were on level 3 of the Dungeon.
You worshipped Zin.
Zin was aware of your devotion.
You were not hungry.

You visited 1 branch of the dungeon, and saw 3 of its levels.

You collected 168 gold pieces.
You donated 16 gold pieces to Zin.

Inventory:

Hand Weapons
 a - a +0 trident (weapon)
 w - a +0 hunting sling
 x - a +0 halberd
 y - a +2 dagger of flaming
 A - a +3 dagger
Missiles
 j - 17 poisoned darts (quivered)
 v - 14 sling bullets
Armour
 b - a +0 scale mail (worn)
 c - a +0 shield (worn)
 h - a +0 pair of boots (worn)
Scrolls
 e - a scroll of immolation {unknown}
 i - a scroll of fear {unknown}
 l - a scroll of remove curse {unknown}
 m - a scroll of noise
 o - a scroll of enchant armour {unknown}
 q - 2 scrolls of identify {unknown}
 s - 2 scrolls of teleportation
 t - 2 scrolls of magic mapping {unknown}
 u - 2 scrolls of amnesia {unknown}
Potions
 d - 3 potions of might
 p - a potion of agility {unknown}
 r - a potion of curing {unknown}
 z - a potion of invisibility {unknown}
Comestibles
 f - 8 rations


   Skills:
 + Level 4.1 Fighting
 + Level 4.3 Polearms
 + Level 4.4 Armour
 + Level 1.0 Dodging
 + Level 5.2 Shields


You had 4 spell levels left.
You didn't know any spells.
Your spell library was empty.

Dungeon Overview and Level Annotations

Branches:
Dungeon (3/15)

Altars:
Dithmenos
Elyvilon
Fedhas
Qazlal
Zin

Annotations:
D:3 Twasazerg's ghost, amateur SpAs


Innate Abilities, Weirdness & Mutations

You reflexively headbutt those who attack you in melee.
You have a pair of horns on your head.


Message History

You feel very sick. Twasazerg's ghost hits you.
* * * LOW HITPOINT WARNING * * *
You are more poisoned.
It was a potion of berserk rage.
A red film seems to cover your vision as you go berserk!
You feel yourself moving faster!
You feel mighty!
Your surroundings suddenly seem different.
* * * LOW HITPOINT WARNING * * *
You feel very sick.
You feel a strong urge to attack something.
* * * LOW HITPOINT WARNING * * *
You feel sick.
There is a lethal amount of poison in your body!
* * * LOW HITPOINT WARNING * * *
You feel very sick.
You feel your anger nearly subside.
You are no longer berserk.
You are exhausted.
You feel yourself slow down.
You die...

####### #(#
#.....# #.#
#.....# #.#
#.....#####.#
#.....#...#.#
####....#...#.#
#.......+.....#
###.##....#...###
#@..#.....'...#
#.###.#####...#
#.##......<...#
#.##(.#####...#
#.##..# #...#
#.##..######.##
#.##.......#.#
#.##.#####.#.#
#[##.##......#


There were no monsters in sight!

Vanquished Creatures
  An orc wizard (D:3)
  3 gnolls (D:3)
  2 adders (D:3)
  3 oozes
  3 worms
  6 orcs (D:3)
  3 giant cockroaches
  10 goblins
  8 hobgoblins
  9 jackals
  7 kobolds
  7 bats
  12 frilled lizards
  8 rats
82 creatures vanquished.

Notes
Turn   | Place    | Note
-------+----------+-------------------------------------------
     0 | D:1      | BlakeNormalHuman the Minotaur Fighter began the quest for
                  | the Orb.
     0 | D:1      | Reached XP level 1. HP: 19/19 MP: 0/0
   117 | D:1      | Reached XP level 2. HP: 27/27 MP: 1/1
   149 | D:1      | Reached skill level 4 in Shields
   319 | D:1      | Reached XP level 3. HP: 29/33 MP: 2/2
  1056 | D:2      | Found a glowing silver altar of Zin.
  1056 | D:2      | Found a shadowy altar of Dithmenos.
  1059 | D:2      | Reached XP level 4. HP: 40/40 MP: 3/3
  1089 | D:2      | Became a worshipper of Zin the Law-Giver
  1089 | D:2      | Reached * piety under Zin
  1226 | D:2      | Found a white marble altar of Elyvilon.
  1514 | D:3      | Found a stormy altar of Qazlal.
  1517 | D:3      | Found a blossoming altar of Fedhas.
  1568 | D:3      | Found a runed translucent door.
  1647 | D:3      | Reached XP level 5. HP: 27/46 MP: 4/4
  1653 | D:3      | Reached skill level 1 in Dodging
  1942 | D:3      | Noticed Twasazerg's ghost (amateur SpAs)
  2001 | D:3      | Reached skill level 5 in Shields
  2122 | D:3      | Succumbed to Twasazerg's ghost's poison

Skill      XL: |  1  2  3  4  5 |
---------------+----------------+-----
Armour         | 4 |  4.4
Shields        | 4 5 |  5.2
Polearms       | 3 4 |  4.3
Fighting       | 4 |  4.1
Dodging        | 1 |  1.0

Action                   |  1- 3 |  4- 6 || total
-------------------------+-------+-------++-------
Melee: Trident           |   111 |   101 ||   212
       Headbutt          |    12 |    11 ||    23
  Use: Scroll            |       |     3 ||     3
       Potion            |       |     4 ||     4
  Eat: Ration            |     1 |     1 ||     2
Armor: Scale mail        |    36 |    24 ||    60
Dodge: Dodged            |    33 |    20 ||    53
Block: Shield            |    50 |    31 ||    81
